 Dungeon Crawl Stone Soup version 0.31.0-32-g396128a36d (webtiles) character file.

Game seed: 6543997091297524856

58 Alphaeus the Changeling (level 3, -5/18 HPs)
             Began as a Spriggan Shapeshifter on Mar 19, 2024.
             Slain by an orc priest
             ... wielding a +0 short sword
              (6 damage)
             ... on level 2 of the Dungeon.
             The game lasted 00:01:07 (1065 turns).

Alphaeus the Changeling (Spriggan Shapeshifter)     Turns: 1065, Time: 00:01:07

Health: -5/18      AC:  2    Str: 12    XL:     3   Next: 75%
Magic:  4/4        EV: 14    Int: 11    God:
Gold:   61         SH:  0    Dex: 14    Spells: 2/2 levels left

rFire   . .          .
                       - Unarmed
rCold   . . .        (no shield)
rNeg    . . .        a - +0 animal skin
rPois   .            (helmet currently unavailable)
rElec   .            (cloak currently unavailable)
rCorr   .            (gloves unavailable)
SInv    +            (boots unavailable)
Will    .....        (no amulet)
Stlth   +            (no ring)
HPRegen 0.23/turn    (no ring)
MPRegen 0.09/turn

%: no passive effects
@: beast-form, constricted, very quick
A: beast (slay +2), very small, no large weapons, unfitting armour, see
invisible, speed 3
a: Begin Untransformation


You were on level 2 of the Dungeon.
You were a hulking beast.
You visited 1 branch of the dungeon, and saw 2 of its levels.

You collected 61 gold pieces.

Inventory:

Armour
 a - a +0 animal skin (worn)
Jewellery
 j - a ring of fire
 k - an amulet of magic regeneration
Talismans
 c - a beast talisman
 d - a flux talisman
Wands
 l - a wand of flame (8)
Scrolls
 e - a scroll of identify {unknown}
 f - 2 scrolls of fog {unknown}
Potions
 b - a potion of lignification
 g - a potion of haste {unknown}
 h - 2 potions of mutation {unknown}
 i - a potion of curing {unknown}
 m - 2 potions of degeneration {unknown}


   Skills:
 + Level 1.2 Fighting
 + Level 3.3 Dodging
 * Level 3.0 Unarmed Combat
 * Level 4.7 Shapeshifting


You had 2 spell levels left.
You didn't know any spells.
Your spell library was empty.

Dungeon Overview and Level Annotations

Branches:
Dungeon (2/15)

Altars:


Innate Abilities, Weirdness & Mutations

You are a hulking beast.
Your limbs bulge with bestial killing power. (Slay +2)
You are very small and have problems with some larger weapons.
You are too small for most types of armour.
You have supernaturally acute eyesight. (SInv)
You cover ground extremely quickly. (Speed+++)


Message History

You are too injured to fight recklessly!
You are too injured to fight recklessly!
You are too injured to fight recklessly!
You are too injured to fight recklessly!
You are too injured to fight recklessly!
You are too injured to fight recklessly!
You are too injured to fight recklessly!
You are too injured to fight recklessly!
You are too injured to fight recklessly!
You are too injured to fight recklessly!
You are too injured to fight recklessly!
You are too injured to fight recklessly!
You are too injured to fight recklessly!
You are too injured to fight recklessly!
You are too injured to fight recklessly!
You are too injured to fight recklessly!
You are too injured to fight recklessly!
You hit the orc priest.
The orc priest is moderately wounded.
The ball python completely misses you. The ball python barely misses you.
The orc priest completely misses you.
You hit the orc priest.
The orc priest is heavily wounded.
The ball python barely misses you. x2; The ball python misses you.
The ball python grabs you. The ball python constricts you.
You punch the orc priest!
The orc priest is almost dead.
The orc throws a boomerang.
The boomerang barely misses you. The orc closely misses you.
The orc priest hits you with a +0 short sword.
* * * LOW HITPOINT WARNING * * *
The ball python bites you.
* * * LOW HITPOINT WARNING * * *
The ball python constricts you.
You closely miss the orc priest.
The orc priest is almost dead.
The orc hits you with a +0 club.
* * * LOW HITPOINT WARNING * * *
The orc priest hits you with a +0 short sword.
You die...

............:...
#..................
..#.#.........#.#.
#.....#...####....
#.#.#.#.#.#.......#
#.....#.#...# ...
##...#....†.## .. #
##.........†o## .###.#
#..........oho###...[.
#...........#S.....#
#......#....#....#..#
##.....#...###...# ###
##....#...####..# ....
####.#......#..##########
#.#......#..##........
#.#............#######
#.#.......#...#####


You could see an orc priest, 2 orcs and a ball python.

Vanquished Creatures
  Jessica (D:2)
  2 dart slugs (D:1)
  3 endoplasms (D:1)
  A giant cockroach (D:1)
  A hobgoblin (D:1)
  2 kobolds (D:1)
  A quokka (D:1)
  3 ball pythons
  4 bats
  5 frilled lizards
  3 goblins (D:1)
  4 rats
30 creatures vanquished.

Notes
Turn   | Place    | Note
-------+----------+-------------------------------------------
     0 | D:1      | Alphaeus the Spriggan Shapeshifter began the quest for the
                  | Orb.
     0 | D:1      | Reached XP level 1. HP: 9/9 MP: 2/2
   139 | D:1      | Reached XP level 2. HP: 14/14 MP: 3/3
   215 | D:1      | Found a faded altar of an unknown god.
   472 | D:1      | Reached skill level 1 in Fighting
   863 | D:2      | Reached XP level 3. HP: 18/18 MP: 4/4
   890 | D:2      | Noticed Jessica
   902 | D:2      | Killed Jessica
  1065 | D:2      | Slain by an orc priest

Illustrated notes

Levels and vault maps discovered:
D:1:      minmay_arrival_loop, layout_basic,
          ebering_ecumenical_altar_sacrificial, minmay_pentomino_u4
D:2:      layout_rooms, serial_co_window_serial, co_window_paths_a,
          co_window_paths_a, co_window_paths_b, co_window_corner_a,
          co_window_corner_a, co_window_paths_a, co_window_corner_ca,
          co_window_unsneaky_path_b, co_window_corner_b, co_window_cross_3,
          glass_columns_a, glass_columns_c, glass_columns_a, glass_columns_a,
          basic_altar, st_stairs_7, uniq_sigmund, uniq_jessica

Skill      XL: |  1  2  3 |
---------------+----------+-----
Fighting       | 1 |  1.2
Dodging        | 3 |  3.3
Unarmed Combat | 3 |  3.0
Shapeshifting  | |  4.7

Action                     || total
---------------------------++-------
  Melee: Unarmed           ||    89
         Punch             ||     1
 Armour: Animal skin       ||    29
  Dodge: Dodged            ||    63
